PL
PANAMA CITY PIRANHAS @ PHOENIX HOTSPUR
08/30/2030
 
TOP OF THE 1ST
Panama City Piranhas batting - Pitching for Phoenix Hotspur : LHP Wes Hamm
Pitching: LHP Wes Hamm
Batting: RHB Juan Jose Ayala 0-0: Ball
1-0: Foul Ball, location: 2F
1-1: Foul Ball, location: 2F
1-2: Ball
2-2: Ground out 6-3 (Groundball, 6)
Batting: RHB Baldomero Avino 0-0: Ball
1-0: Swinging Strike
1-1: Swinging Strike
1-2: Strikes out looking
Batting: RHB Tommy Jones 0-0: Ball
1-0: Called Strike
1-1: Ground out 4-3 (Groundball, 34)
Top of the 1st over - 0 runs, 0 hits, 0 errors, 0 left on base; Panama City 0 - Phoenix 0
BOTTOM OF THE 1ST
Phoenix Hotspur batting - Pitching for Panama City Piranhas : RHP Robinson Suárez
Pitching: RHP Robinson Suárez
Batting: RHB Roland Deschain 0-0: Ball
1-0: Ball
2-0: Swinging Strike
2-1: Ball
3-1: Fly out, F8 (Flyball, 89M)
Batting: LHB Wagaw Lukongolo 0-0: Called Strike
0-1: Foul Ball, location: 2F
0-2: Foul Ball, location: 2F
0-2: Ground out 5-3 (Groundball, 5)
Batting: LHB Shojiro Ueda 0-0: Foul Ball, location: 2F
0-1: Foul Ball, location: 2F
0-2: Ball
1-2: DOUBLE (Line Drive, 9D)
Batting: RHB Gabriel Pérez 0-0: Ball
1-0: Ball
2-0: Foul Ball, location: 2F
2-1: SINGLE (Line Drive, 5)
Shojiro Ueda to third
Runner from 3rd tries for Home, SAFE, no throw
Batting: RHB John Downing 0-0: Called Strike
0-1: Ball
1-1: Fly out, F7 (Line Drive, 7D)
Bottom of the 1st over - 1 run, 2 hits, 0 errors, 1 left on base; Panama City 0 - Phoenix 1
TOP OF THE 2ND
Panama City Piranhas batting - Pitching for Phoenix Hotspur : LHP Wes Hamm
Batting: RHB Andy Putman 0-0: Swinging Strike
0-1: Ball
1-1: Foul Ball, location: 2F
1-2: Strikes out swinging
Batting: RHB Peter Heard 0-0: Foul Ball, location: 2F
0-1: Swinging Strike
0-2: Ground out U3 (Groundball, 3)
Batting: RHB Fernando Silva 0-0: Called Strike
0-1: Swinging Strike
0-2: Foul Ball, location: 2F
0-2: Strikes out swinging
Top of the 2nd over - 0 runs, 0 hits, 0 errors, 0 left on base; Panama City 0 - Phoenix 1
BOTTOM OF THE 2ND
Phoenix Hotspur batting - Pitching for Panama City Piranhas : RHP Robinson Suárez
Batting: RHB Kyle Bywaters 0-0: Ball
1-0: Bunt for hit - play at first, batter OUT! 3-4
Batting: RHB Randy Rehling 0-0: Swinging Strike
0-1: Ball
1-1: Called Strike
1-2: Strikes out swinging
Batting: RHB Pierre Bernard 0-0: Ball
1-0: Swinging Strike
1-1: Ground out 4-3 (Groundball, 4)
Bottom of the 2nd over - 0 runs, 0 hits, 0 errors, 0 left on base; Panama City 0 - Phoenix 1
TOP OF THE 3RD
Panama City Piranhas batting - Pitching for Phoenix Hotspur : LHP Wes Hamm
Batting: LHB José Ruíz 0-0: Swinging Strike
0-1: Foul Ball, location: 2F
0-2: Foul Ball, location: 2F
0-2: Foul Ball, location: 2F
0-2: Foul Ball, location: 2F
0-2: Ball
1-2: Ball
2-2: Ball
3-2: Strikes out swinging
Batting: RHB Ted Cook 0-0: Fly out, F3 (Line Drive, 34)
Batting: RHB Micah Coffey 0-0: Called Strike
0-1: Ball
1-1: Foul Ball, location: 2F
1-2: Ball
2-2: Ball
3-2: Fly out, F7 (Flyball, 78S)
Top of the 3rd over - 0 runs, 0 hits, 0 errors, 0 left on base; Panama City 0 - Phoenix 1
BOTTOM OF THE 3RD
Phoenix Hotspur batting - Pitching for Panama City Piranhas : RHP Robinson Suárez
Batting: RHB Alex Niemann 0-0: Foul Ball, location: 2F
0-1: Foul Ball, location: 2F
0-2: Fly out, F9 (Flyball, 89M)
Batting: RHB Roland Deschain 0-0: Ball
1-0: Called Strike
1-1: Swinging Strike
1-2: Ball
2-2: Ground out 1-3 (Groundball, P)
Batting: LHB Wagaw Lukongolo 0-0: Foul Ball, location: 2F
0-1: Fly out, F5 (Popup, 5S)
Bottom of the 3rd over - 0 runs, 0 hits, 0 errors, 0 left on base; Panama City 0 - Phoenix 1
TOP OF THE 4TH
Panama City Piranhas batting - Pitching for Phoenix Hotspur : LHP Wes Hamm
Batting: RHB Juan Jose Ayala 0-0: Swinging Strike
0-1: Ball
1-1: SINGLE (Groundball, 6D)
Batting: RHB Baldomero Avino 0-0: Ball
Juan Jose Ayala is caught stealing 2nd base
1-0: Foul Ball, location: 2F
1-1: Swinging Strike
1-2: Hit by Pitch
Batting: RHB Tommy Jones 0-0: Called Strike
0-1: Ball
1-1: SINGLE (Groundball, 6D)
Baldomero Avino to second
Batting: RHB Andy Putman 0-0: Fielders Choice at 2nd, 6-4 (Groundball, 6MD)
Baldomero Avino to third
Batting: RHB Peter Heard 0-0: Swinging Strike
0-1: Called Strike
0-2: Ball
1-2: SINGLE (Groundball, 4MD)
Baldomero Avino scores
Andy Putman to second
Batting: RHB Fernando Silva 0-0: Ball
1-0: Called Strike
1-1: Foul Ball, location: 2F
1-2: Ground out 4-3 (Groundball, 4S)
Top of the 4th over - 1 run, 3 hits, 0 errors, 2 left on base; Panama City 1 - Phoenix 1
BOTTOM OF THE 4TH
Phoenix Hotspur batting - Pitching for Panama City Piranhas : RHP Robinson Suárez
Batting: LHB Shojiro Ueda 0-0: Ball
1-0: Called Strike
1-1: Ball
2-1: Ball
3-1: Ground out U3 (Groundball, 3)
Batting: RHB Gabriel Pérez 0-0: Called Strike
0-1: Ball
1-1: Ball
2-1: Foul Ball, location: 2F
2-2: Ball
3-2: Base on Balls
Batting: RHB John Downing 0-0: Ball
1-0: Ball
Gabriel Pérez steals 2nd base
2-0: SINGLE (Line Drive, 8LS)
Gabriel Pérez to third
Runner from 3rd tries for Home, SAFE, no throw
Batting: RHB Kyle Bywaters 0-0: Ball
1-0: Called Strike
1-1: Swinging Strike
1-2: Strikes out looking
Batting: RHB Randy Rehling 0-0: Swinging Strike
0-1: Ball
1-1: Foul Ball, location: 2F
1-2: Ball
2-2: TRIPLE (Flyball, 89XD)
John Downing scores
Batting: RHB Pierre Bernard 0-0: Ball
1-0: Foul Ball, location: 2F
1-1: Fly out, F9 (Flyball, 89S)
Bottom of the 4th over - 2 runs, 2 hits, 0 errors, 1 left on base; Panama City 1 - Phoenix 3
TOP OF THE 5TH
Panama City Piranhas batting - Pitching for Phoenix Hotspur : LHP Wes Hamm
Batting: LHB José Ruíz 0-0: Foul Ball, location: 2F
0-1: Swinging Strike
0-2: Ball
1-2: Strikes out swinging
Batting: RHB Ted Cook 0-0: Called Strike
0-1: Ball
1-1: Foul Ball, location: 2F
1-2: Ball
2-2: Ball
3-2: Ground out 3-1 (Groundball, 34S)
Batting: RHB Micah Coffey 0-0: Ball
1-0: Ball
2-0: Called Strike
2-1: Ball
3-1: Called Strike
3-2: Strikes out swinging
Top of the 5th over - 0 runs, 0 hits, 0 errors, 0 left on base; Panama City 1 - Phoenix 3
BOTTOM OF THE 5TH
Phoenix Hotspur batting - Pitching for Panama City Piranhas : RHP Robinson Suárez
Batting: RHB Alex Niemann 0-0: Ball
1-0: Ball
2-0: Swinging Strike
2-1: Called Strike
2-2: Ball
3-2: SINGLE (Groundball, 4MD)
Batting: RHB Roland Deschain 0-0: Sac Bunt - play at first, batter OUT! 3-4
Alex Niemann to second
Batting: LHB Wagaw Lukongolo 0-0: Called Strike
0-1: Ball
1-1: Ball
2-1: Fly out, F7 (Flyball, 7LSF)
Batting: LHB Shojiro Ueda 0-0: Ball
1-0: Foul Ball, location: 2F
1-1: Ball
2-1: Ground out 5-3 (Groundball, 56)
Bottom of the 5th over - 0 runs, 1 hit, 0 errors, 1 left on base; Panama City 1 - Phoenix 3
TOP OF THE 6TH
Panama City Piranhas batting - Pitching for Phoenix Hotspur : LHP Wes Hamm
Batting: RHB Juan Jose Ayala 0-0: Foul Ball, location: 2F
0-1: Ground out U3 (Groundball, 34S)
Batting: RHB Baldomero Avino 0-0: Foul Ball, location: 2F
0-1: Ball
1-1: Called Strike
1-2: Strikes out looking
Batting: RHB Tommy Jones 0-0: Ball
1-0: Foul Ball, location: 2F
1-1: Called Strike
1-2: Ball
2-2: Ball
3-2: Foul Ball, location: 2F
3-2: Base on Balls
Batting: RHB Andy Putman 0-0: Ball
1-0: Swinging Strike
1-1: Foul Ball, location: 2F
1-2: Ball
2-2: Foul Ball, location: 2F
2-2: Strikes out looking
Top of the 6th over - 0 runs, 0 hits, 0 errors, 1 left on base; Panama City 1 - Phoenix 3
BOTTOM OF THE 6TH
Phoenix Hotspur batting - Pitching for Panama City Piranhas : RHP Robinson Suárez
Batting: RHB Gabriel Pérez 0-0: DOUBLE (Groundball, 5L)
Batting: RHB John Downing 0-0: Intentional Walk
Batting: RHB Kyle Bywaters 0-0: Sac Bunt - play at first, batter OUT! 1-3
Gabriel Pérez to third
John Downing to second
Batting: RHB Randy Rehling 0-0: Foul Ball, location: 2F
0-1: Foul Ball, location: 2F
0-2: Ball
1-2: Strikes out swinging, 2-3 out at first.
Batting: RHB Pierre Bernard 0-0: Ball
1-0: Called Strike
1-1: Ball
2-1: SINGLE (Groundball, 6D)
Gabriel Pérez scores
John Downing to third
Runner from 3rd tries for Home, SAFE, no throw
Batting: RHB Alex Niemann 0-0: Called Strike
0-1: Ball
1-1: Ball
2-1: Ball
3-1: Fly out, F8 (Flyball, 8RS)
Bottom of the 6th over - 2 runs, 2 hits, 0 errors, 1 left on base; Panama City 1 - Phoenix 5
TOP OF THE 7TH
Panama City Piranhas batting - Pitching for Phoenix Hotspur : LHP Wes Hamm
Batting: RHB Peter Heard 0-0: SINGLE (Groundball, 56D)
Batting: RHB Fernando Silva 0-0: SINGLE (Groundball, 34D)
Peter Heard to second
Runner from 2nd tries for 3rd, SAFE, no throw
Batting: LHB José Ruíz 0-0: Ball
1-0: Ball
2-0: Called Strike
2-1: Swinging Strike
2-2: Ball
3-2: Foul Ball, location: 2F
3-2: Strikes out swinging
Batting: RHB Ted Cook 0-0: Called Strike
0-1: Called Strike
0-2: Ball
1-2: Ball
2-2: Foul Ball, location: 2F
2-2: Foul Ball, location: 2F
2-2: Ball
3-2: Strikes out swinging
Batting: RHB Micah Coffey 0-0: Ball
1-0: Fly out, F6 (Popup, 6)
Top of the 7th over - 0 runs, 2 hits, 0 errors, 2 left on base; Panama City 1 - Phoenix 5
BOTTOM OF THE 7TH
Phoenix Hotspur batting - Pitching for Panama City Piranhas : RHP Robinson Suárez
Pitching: RHP Edgardo Nava
Batting: RHB Roland Deschain 0-0: Ball
1-0: Foul Ball, location: 2F
1-1: Foul Ball, location: 2F
1-2: Ball
2-2: Fly out, F7 (Flyball, 78S)
Batting: LHB Wagaw Lukongolo 0-0: Ball
1-0: Ball
2-0: Foul Ball, location: 2F
2-1: Ball
3-1: Base on Balls
Batting: LHB Shojiro Ueda 0-0: Ball
1-0: Called Strike
1-1: Grounds into double play, 6-4-3 (Groundball, 6)
Bottom of the 7th over - 0 runs, 0 hits, 0 errors, 0 left on base; Panama City 1 - Phoenix 5
TOP OF THE 8TH
Panama City Piranhas batting - Pitching for Phoenix Hotspur : LHP Wes Hamm
Batting: RHB Juan Jose Ayala 0-0: Called Strike
0-1: SINGLE (Groundball, 13) (infield hit)
Pitching: RHP Mitchell Atwell
Batting: RHB Baldomero Avino 0-0: Called Strike
0-1: Grounds into double play, 5-4-3 (Groundball, 5)
Batting: RHB Tommy Jones 0-0: Ball
1-0: Ball
2-0: Fly out, F5 (Popup, 6S)
Top of the 8th over - 0 runs, 1 hit, 0 errors, 0 left on base; Panama City 1 - Phoenix 5
BOTTOM OF THE 8TH
Phoenix Hotspur batting - Pitching for Panama City Piranhas : RHP Edgardo Nava
Batting: RHB Gabriel Pérez 0-0: Called Strike
0-1: Swinging Strike
0-2: Strikes out swinging
Batting: RHB John Downing 0-0: Called Strike
0-1: Fly out, F4 (Line Drive, 6M)
Batting: RHB Kyle Bywaters 0-0: Called Strike
0-1: Foul Ball, location: 2F
0-2: Ground out U3 (Groundball, 3L)
Bottom of the 8th over - 0 runs, 0 hits, 0 errors, 0 left on base; Panama City 1 - Phoenix 5
TOP OF THE 9TH
Panama City Piranhas batting - Pitching for Phoenix Hotspur : RHP Mitchell Atwell
Batting: RHB Andy Putman 0-0: Called Strike
0-1: Fly out, F7 (Line Drive, 7S)
Batting: RHB Peter Heard 0-0: Ball
1-0: Ball
2-0: Called Strike
2-1: Reached on error, E6 (Popup, 6M)
Batting: RHB Fernando Silva 0-0: Ball
1-0: Called Strike
1-1: Called Strike
1-2: Strikes out swinging
Batting: LHB José Ruíz 0-0: Ground out 4-3 (Groundball, 4)
Top of the 9th over - 0 runs, 0 hits, 1 error, 1 left on base; Panama City 1 - Phoenix 5
Sunday, March 18th, 2018 - OOTP Baseball 18.8 Build 76